 Dungeon Crawl Stone Soup version 0.23-b1-84-g6588a6b (webtiles) character file.

Game seed: 12115822273686408460

79 DarkinPup the Shield-Bearer (level 4, -1/37 HPs)
             Began as a Formicid Fighter on Feb 9, 2019.
             Slain by a gnoll
             ... wielding a +0 flail
              (6 damage)
             ... on level 2 of the Dungeon.
             The game lasted 00:01:54 (989 turns).

DarkinPup the Shield-Bearer (Formicid Fighter)       Turns: 989, Time: 00:01:54

Health: -1/37      AC:  8    Str: 20    XL:     4   Next: 62%
Magic:  4/4        EV:  8    Int:  8    God:
Gold:   34         SH:  9    Dex: 11    Spells: 3/3 levels left

rFire    . . .     SeeInvis +   a - +0 war axe
rCold    + . .     Gourm    .   c - +0 shield
rNeg     . . .     Faith    .   b - +0 scale mail
rPois    .         Spirit   .   (helmet unavailable)
rElec    .         Reflect  .   j - +0 cloak
rCorr    .         Harm     .   (no gloves)
MR       .....                  (no boots)
Stlth    ..........             (no amulet)
HPRegen  0.12/turn              g - ring of protection from cold
MPRegen  0.09/turn              (no ring)

@: lethally poisoned (-1 -> -4)
A: permanent stasis, dig shafts and tunnels, four strong arms, antennae 3
a: Dig, Shaft Self


You were on level 2 of the Dungeon.
You were hungry.

You visited 1 branch of the dungeon, and saw 2 of its levels.

You collected 34 gold pieces.

Inventory:

Hand Weapons
 a - a +0 war axe (weapon)
Armour
 b - a +0 scale mail (worn)
 c - a +0 shield (worn)
 j - a +0 cloak (worn)
Jewellery
 g - a ring of protection from cold (left hand)
Scrolls
 e - a scroll of fog {unknown}
 h - 2 scrolls of identify {unknown}
 i - a scroll of remove curse {unknown}
Potions
 d - 2 potions of might
Comestibles
 f - a ration
 k - a chunk of flesh


   Skills:
 + Level 3.8 Fighting
 * Level 3.2 Axes
 + Level 3.8 Armour
 + Level 4.2 Shields


You had 3 spell levels left.
You didn't know any spells.
Your spell library was empty.

Dungeon Overview and Level Annotations

Branches:
Dungeon (2/15)

Altars:


Innate Abilities, Weirdness & Mutations

You cannot be hasted, slowed, berserked, paralysed or teleported.
You can dig through walls and to a lower floor.
Your four strong arms can wield two-handed weapons with a shield.
You have a pair of large antennae on your head. (SInv)


Message History

The gnoll barely misses you. You block the adder's attack.
The jackal bites you but does no damage.
You block the gnoll's attack. The jackal bites you.
* * * LOW HITPOINT WARNING * * *
Your scale mail prevents you from hitting the gnoll.
The gnoll is lightly wounded.
You barely miss the adder. You hit the jackal. The jackal barely misses you.
The adder bites you but does no damage. You block the gnoll's attack.
The jackal bites you but does no damage.
The adder closely misses you.
You hit the gnoll.
The gnoll is moderately wounded.
You closely miss the adder. You hit the jackal.
You kill the jackal!
You block the gnoll's attack. The adder bites you.
* * * LOW HITPOINT WARNING * * *
You are poisoned.
The adder poisons you! You block the adder's attack.
The gnoll hits you with a +0 flail.
You die...

.... #..# ##... #..#.#####
#.##.....#####
.##.####.......# #
.....!.....†...#### ##..
###.#.(.(†......†.####.[...
#.#.##))......@g)........
#.............S†.<.......
###..#####.....#...........
#....# #.....#######.....
#.##.# #...(.# .... #.##.#
%......# #.. #.##.#
..#.##### . #....# #%#.#
..#..#####.#


You could see a gnoll and an adder.

Vanquished Creatures
  3 gnolls
  An adder (D:2)
  2 leopard geckos
  A ball python (D:1)
  A giant cockroach (D:1)
  2 goblins
  4 hobgoblins
  9 jackals
  5 kobolds
  3 bats (D:2)
  2 frilled lizards
  3 rats
36 creatures vanquished.

Notes
Turn   | Place    | Note
-------+----------+-------------------------------------------
     0 | D:1      | DarkinPup the Formicid Fighter began the quest for the Orb.
     0 | D:1      | Reached XP level 1. HP: 18/18 MP: 1/1
   345 | D:1      | Reached XP level 2. HP: 20/24 MP: 2/2
   625 | D:1      | Reached XP level 3. HP: 28/29 MP: 3/3
   853 | D:2      | Reached skill level 4 in Shields
   909 | D:1      | Reached XP level 4. HP: 22/37 MP: 4/4
   989 | D:2      | Slain by a gnoll

Skill      XL: |  1  2  3  4 |
---------------+-------------+-----
Shields        | 4 |  4.2
Axes           | 3 |  3.2
Fighting       | |  3.8
Armour         | |  3.8

Action                   |  1- 3 |  4- 6 || total
-------------------------+-------+-------++-------
Melee: War axe           |   115 |    22 ||   137
Armor: Scale mail        |    67 |    20 ||    87
Dodge: Dodged            |    41 |    13 ||    54
Block: Shield            |    69 |    36 ||   105
